Map: Ascension to Aiur LE

Players

FeaR

  • Race: Protoss Protoss
  • League: Master
  • Spawn Location: 11:00

aLive - Winner!

  • Race: Terran Terran
  • Spawn Location: 5:00

Event: HomeStory Cup XVI

VOD

Have the link to the VOD?

Description

Time

  • Played on: Nov. 10, 2017, 1:44 p.m.
  • Length: 8:58

All games in this series

Show
View Real Time Build Order
Export as new Build Order

FeaR Protoss 

Build Orders: Oracle Opening 

Get SALT Encoding   

  12  0:08  Probe (Chrono Boost)  
  12  0:09  Pylon  
  13  0:16  Probe (Chrono Boost)  
  15  0:31  Gateway  
  15  0:35  Probe (Chrono Boost)  
  15  0:47  Assimilator, Probe (Chrono Boost)  
  16  0:50  Assimilator  
  16  0:59  Probe (Chrono Boost)  
  18  1:11  Probe (Chrono Boost)  
  18  1:19  Cybernetics Core  
  18  1:23  Probe (Chrono Boost)  
  19  1:26  Pylon  
  19  1:35  Probe (Chrono Boost)  
  21  1:47  Probe (Chrono Boost)  
  21  1:56  Stargate  
  21  1:57  Warp Gate  
  21  1:58  Adept  
  24  2:01  Probe (Chrono Boost)  
  24  2:13  Probe (Chrono Boost)  
  25  2:16  Pylon  
  25  2:22  Oracle  
  25  2:25  Probe (Chrono Boost)  
  29  2:45  Oracle  
  29  2:54  Pylon  
  32  3:08  Gateway  
  32  3:09  Gateway  
  32  3:23  Gateway  
  32  3:29  Oracle  
  33  3:49  Probe (Chrono Boost)  
  33  3:58  Oracle  
  33  4:05  Stalker  
  33  4:07  Stalker  
  39  4:13  Pylon  
  39  4:19  Nexus  
  39  4:33  Probe (Chrono Boost)  
  39  4:34  Phoenix, Pylon  
  42  4:45  Probe (Chrono Boost)  
  43  4:48  Zealot  
  45  4:53  Zealot  
  45  4:57  Probe (Chrono Boost)  
  45  4:59  Stalker  
  48  5:09  Probe (Chrono Boost)  
  49  5:17  Robotics Facility  
  50  5:21  Probe (Chrono Boost)  
  50  5:27  Probe (Chrono Boost)  
  50  5:28  Probe (Chrono Boost)  
  50  5:35  Probe (Chrono Boost)  
  52  5:36  Probe (Chrono Boost)  
  54  5:47  Probe (Chrono Boost)  
  54  5:48  Probe (Chrono Boost)  
  48  5:59  Probe (Chrono Boost)  
  48  6:00  Probe (Chrono Boost)  
  48  6:04  Observer  
  48  6:06  Robotics Bay  
  48  6:11  Probe (Chrono Boost), Twilight Council  
  50  6:12  Probe (Chrono Boost)  
  50  6:14  Zealot x2  
  50  6:16  Assimilator  
  54  6:20  Assimilator  
  54  6:23  Stalker, Probe (Chrono Boost)  
  54  6:24  Probe (Chrono Boost)  
  58  6:35  Probe (Chrono Boost)  
  58  6:36  Probe (Chrono Boost)  
  58  6:38  Colossus  
  62  6:47  Charge, Probe (Chrono Boost)  
  62  6:48  Probe (Chrono Boost)  
  62  6:59  Nexus  
  68  7:06  Extended Thermal Lance  
  68  7:17  Zealot  
  68  7:20  Pylon  
  68  7:21  Pylon  
  70  7:27  Colossus  
  70  7:31  Pylon  
  70  7:32  Shield Battery  
  70  7:34  Shield Battery  
  70  7:40  Stalker  
  77  7:47  Stalker  
  78  7:52  Probe (Chrono Boost)  
  78  7:55  Probe (Chrono Boost)  
  78  7:57  Stalker  
  76  8:04  Probe (Chrono Boost)  
  68  8:07  Probe (Chrono Boost)  
  68  8:11  Zealot x2  
  62  8:17  Probe (Chrono Boost)  
  62  8:19  Probe (Chrono Boost)  
  60  8:25  Stalker  
  68  8:29  Probe (Chrono Boost)  
  61  8:38  Zealot x2  
  61  8:40  Shield Battery  
  63  8:42  Shield Battery  
  63  8:43  Probe x2 (Chrono Boost)  
  59  8:50  Zealot  
Show
View Real Time Build Order
Export as new Build Order

aLive Terran - Winner!

Build Orders: Cyclone Opening, MMM Bio 

Get SALT Encoding   

  12  0:00  SCV  
  13  0:12  SCV  
  14  0:17  Supply Depot  
  14  0:24  SCV  
  15  0:30  Refinery  
  15  0:38  SCV  
  16  0:45  Barracks  
  16  0:50  SCV  
  17  1:03  SCV  
  18  1:15  SCV  
  19  1:32  Reaper, Orbital Command  
  20  1:44  Command Center  
  20  1:54  Factory  
  20  1:57  SCV  
  21  2:03  Refinery  
  21  2:07  Barracks Reactor  
  21  2:09  SCV  
  21  2:14  Supply Depot  
  22  2:21  SCV  
  23  2:36  SCV  
  24  2:38  Cyclone  
  27  2:44  Marine  
  27  2:45  Marine  
  27  2:48  SCV  
  30  2:56  Orbital Command  
  30  3:03  Marine x2  
  31  3:09  SCV  
  31  3:12  Cyclone  
  35  3:19  Bunker  
  35  3:21  SCV  
  35  3:23  Engineering Bay  
  35  3:25  Marine  
  35  3:26  Marine  
  38  3:35  SCV  
  38  3:36  SCV  
  37  3:43  Marine  
  37  3:44  Marine  
  39  3:48  SCV x2  
  39  3:52  Missile Turret  
  39  3:55  Missile Turret  
  41  3:56  Cyclone  
  44  4:05  Marine  
  44  4:06  Marine  
  45  4:13  Supply Depot, SCV  
  46  4:21  Barracks  
  46  4:28  Supply Depot  
  46  4:34  Supply Depot, SCV, Marine x2  
  46  4:35  SCV  
  50  4:38  Factory Tech Lab  
  50  4:46  SCV  
  50  4:47  SCV  
  50  4:52  Marine x2  
  54  4:58  SCV  
  55  5:01  Barracks, SCV  
  55  5:02  Siege Tank  
  56  5:10  SCV  
  56  5:12  Barracks Tech Lab  
  56  5:13  SCV  
  58  5:17  Marine  
  58  5:18  Supply Depot, Marine  
  58  5:19  Starport  
  60  5:23  Supply Depot, SCV  
  60  5:26  SCV  
  60  5:27  Terran Infantry Weapons Level 1  
  62  5:31  Marine  
  62  5:32  Stimpack  
  62  5:35  SCV  
  64  5:36  Siege Tank  
  64  5:41  Marine x2  
  68  5:45  Liberator  
  68  5:47  SCV x2  
  67  5:55  Marine x2  
  64  5:58  Marine x2  
  69  6:05  Refinery  
  69  6:08  Supply Depot  
  69  6:14  SCV x2  
  69  6:16  Factory Reactor  
  71  6:23  Barracks  
  71  6:24  Barracks  
  71  6:28  Marine x2  
  71  6:29  Marauder x2, Combat Shields, Supply Depot  
  77  6:33  Refinery  
  77  6:39  Supply Depot  
  77  6:40  Supply Depot  
  77  6:55  Marine x2  
  77  6:56  Marauder x2  
  77  6:58  SCV  
  77  6:59  SCV  
  84  7:01  Medivac x2  
  84  7:07  Supply Depot  
  88  7:09  Supply Depot  
  88  7:12  Barracks Reactor, Barracks Tech Lab  
  87  7:21  Command Center  
  87  7:24  Marine x2  
  87  7:25  Marauder x2  
  93  7:31  Supply Depot  
  93  7:33  Marine  
  94  7:38  Medivac x2  
  98  7:45  Marine x2  
  98  7:50  Marauder x2, Marine x2  
  106  7:52  Marauder  
  106  7:57  SCV x2  
  108  8:10  Supply Depot  
  108  8:11  Supply Depot  
  108  8:12  Marine x4  
  106  8:13  Marauder x3  
  99  8:36  Marine x2  
  99  8:37  Marine x2  
Tags
 
Add a new tag
Caveats
  • Supply blocks, unpowered buildings, or Contaminate may cause inaccurate times.
  • Supply counts are checked every 10 seconds.